Workbook
Name Equip.comuns.armados: [1]Equipamentos!$N$27
Name Equip.comuns.todos: [1]Equipamentos!$N$15
Name mat.usocomum: '[2]Mat Uso Comum '!$G$10
Name UNIF.agenteseg: [1]Uniformes!#REF!
Name UNIF.armado: [1]Uniformes!$H$14
Name UNIF.bomb.brigadista: [1]Uniformes!#REF!
Name UNIF.desarmado: [1]Uniformes!$H$26
Name UNIF.supervisor: [1]Uniformes!#REF!

Sheet TOTAL CONTRATO
B2: QUADRO-RESUMO - TOTAL ESTIMADO DOS SERVIÇOS
B3: CONTRATO
B5: SERVENTE E COPEIRA
B6: SECRETARIA MUNICIPAL DE SAÚDE
B7: SÃO MATEUS DO SUL - PR
B9: Tipo de Serviço | D9: Unit/Mês | E9: Meses | F9: Qtde. Prevista. | G9: TOTAL
B10: I | C10: Servente Copeira 40h | D10: ='ServenteCopeira 40h'!C123 -> 0 | E10: 12 | F10: 22 | G10: =D10*E10*F10 -> 0
B11: II | C11: Servente Copeira 20h | D11: ='ServenteCopeira 20h'!C123 -> 0 | E11: 12 | F11: 15 | G11: =D11*E11*F11 -> 0
B12: III | C12: Servente Copeira 36h | D12: ='ServenteCopeira 36h'!C123 -> 0 | E12: 12 | F12: 2 | G12: =D12*E12*F12 -> 0
B13: IV | C13: Servente Copeira 12x36 noturno | D13: ='ServenteCopeira 12x36 noturno'!C125 -> 0 | E13: 12 | F13: 4 | G13: =D13*E13*F13 -> 0
B14: V | C14: ServenteCopeira 12x36 diurno | D14: ='ServenteCopeira 12x36 diurno'!C123 -> 0 | E14: 12 | F14: 4 | G14: =D14*E14*F14 -> 0
B15: VALOR DOS SERVIÇOS (I A VII) | F15: =SUM(F10:F14) -> 47 | G15: =SUM(G10:G14) -> 0
B17: VALOR GLOBAL ESTIMADO | G17: =G15 -> 0
B19: VALOR MENSAL A FATURAR ESTIMADO | G19: =SUM(G17/12) -> 0
B21: DATA DA CONCLUSÃO DA FORMAÇÃO DE PREÇO | G21: 46290

Sheet ServenteCopeira 40h
A2: PLANILHA DE CUSTOS E FORMAÇÃO DE PREÇOS
A5: Nº Processo: | B5: 11.328/2025
A9: SERVENTE COPEIRA, 40 HORAS SEMANAIS
A11: Discriminação dos Serviços
A13: A - Data da apresentação da proposta (dia/mês/ano)
A14: B - Município/UF | B14: São Mateus do Sul - PR
A15: C - Ano do Acordo, Convenção ou Dissídio Coletivo | B15: SIEMACO PR x SEAC PR 2026 - 2028 PR000063/2026
A16: D - Tipo de Serviço | B16: Servente Copeira - 40h semanais
A17: E - Número de meses de execução contratual | B17: 12
A19: IMPORTANTE: Para efeito de elaboração da planilha de custos os dados abaixo deverão ser informados/cotados os valores unitários mensais por empregado
F21: 1961 | G21: 220
A22: MÓDULO 1: COMPOSIÇÃO DA REMUNERAÇÃO | F22: =F21/G21*G22 -> 1782.7273 | G22: 200 | H22: 70 | I22: =F22+H22 -> 1852.7273
A23: 1 - COMPOSIÇÃO DA REMUNERAÇÃO
A24: A - Salário base | C24: 0 | F24: 1900 | G24: 220
A25: B - Adicional de Insalubridade calculado sobre o valor do salário-mínimo nacional §5º 21 CCT | F25: =F24/G24*G25 -> 1727.2727 | G25: 200 | H25: 131 | I25: =F25+H25 -> 1858.2727
A26: 1621 | B26: 0.4 | C26: 0 | F26: =F24/G24*G26 -> 863.63636 | G26: 100
A27: C - Gratificação de função de Copeira, CCT 02.01 – cumulação de função | C27: 0 | F27: =F24/G24*G27 -> 1554.5455 | G27: 180
A28: TOTAL DA REMUNERAÇÃO : | C28: =SUM(C24:C27) -> 0
A30: MÓDULO 2: Encargos e Benefícios Anuais, Mensais e Diários
A31: 2.1 - Contingenciamento - Resolução 169/2013 CNJ
A32: A - 13º salário | B32: 0.0833 | C32: =$C$28*B32 -> 0
A33: B- Férias | B33: 0.0833 | C33: =$C$28*B33 -> 0
A34: C - Adicional de férias | B34: 0.0278 | C34: =$C$28*B34 -> 0
A35: Subtotal | B35: =SUM(B32:B34) -> 0.1944 | C35: =SUM(C32:C34) -> 0
A36: D - Incidência do módulo 4 sobre 13º Salário e Adicional de Férias | B36: =+B35*B49 -> 0.0715392 | C36: =$C$28*B36 -> 0
A37: E - Multa do FGTS por dispensa sem justa causa | B37: 0.0347 | C37: =$C$28*B37 -> 0
A38: TOTAL | B38: =B36+B35+B37 -> 0.3006392 | C38: =C36+C35+C37 -> 0
A40: 2.2 - Encargos Previdenciários (GPS), Fundo de Garantia por Tempo de Serviço (FGTS) e outras contribuições. | B40: % | C40: Valor (R$)
A41: A - INSS | B41: 0.2 | C41: =$C$28*B41 -> 0
A42: B - Salário Educação | B42: 0.025 | C42: =$C$28*B42 -> 0
A43: C - RAT Ajustado | B43: 0.03 | C43: =$C$28*B43 -> 0
A44: D - SESC ou SESI | B44: 0.015 | C44: =$C$28*B44 -> 0
A45: E - SENAI - SENAC | B45: 0.01 | C45: =$C$28*B45 -> 0
A46: F - SEBRAE | B46: 0.006 | C46: =$C$28*B46 -> 0
A47: G - INCRA | B47: 0.002 | C47: =$C$28*B47 -> 0
A48: H - FGTS | B48: 0.08 | C48: =$C$28*B48 -> 0
A49: TOTAL | B49: =SUM(B41:B48) -> 0.368 | C49: =SUM(C41:C48) -> 0
A51: 2.3 - Benefícios Mensais e Diários
A52: A - Transporte Cláusula 15ª CCT | B52: 3.5 | C52: 0
A53: B - Vale Alimentação Cláusula 13ª CCT | B53: 900 | C53: 0
A54: B' - Vale Alimentação Férias 1/12 Cláusula 13ª CCT §8º | C54: =C53/12 -> 0
A55: C - Auxílio Creche Cláusula 11ª CCT | C55: -
A56: D - Assistência Médica Cláusula 16ª CCT | C56: 0
A57: E - Benefício Social Familiar Cláusula 17ª CCT | C57: 0
A58: E' - Reserva técnica – benefícios sociais eventuais previstos em CCT (nascimento de filho) §4º Outros Auxílios | B58: 1300 | C58: -
A59: F - Qualificação/ Formação Profissional Cláusula 23ª CCT | C59: -
A60: TOTAL | C60: =SUM(C52:C59) -> 0
A61: Quadro-Resumo do Módulo 2 | C61: Valor (R$)
A62: 2.1 - Contingenciamento - Resolução 169/2013 CNJ | C62: =+C38 -> 0
A63: 2.2 - GPS, FGTS e outras contribuições | C63: =+C49 -> 0
A64: 2.3 - Benefícios Mensais e Diários | C64: =+C60 -> 0
A65: TOTAL | C65: =SUM(C62:C64) -> 0
A67: MÓDULO 3: Provisão para Rescisão
A68: 3 - Provisão para rescisão | B68: % | C68: Valor (R$)
A69: A - Aviso prévio indenizado | B69: =(((1+1/12*1+(1/12*1+1/3*1/12*1))*0.05)/12)+(((1/30*3)*1)*0.95)/12 -> 0.012893519 | C69: =$C$28*B69 -> 0
A70: B - Incidência do FGTS sobre o aviso prévio indenizado | B70: =0.08*B69 -> 0.0010314815 | C70: =$C$28*B70 -> 0
A71: C - Multa do FGTS do aviso prévio indenizado | B71: =0.08*0.4*B69 -> 0.00041259259 | C71: =$C$28*B71 -> 0
A72: D - Aviso prévio trabalhado | B72: =((7/30)/12) -> 0.019444444 | C72: =$C$28*B72 -> 0
A73: E - Incidência do submódulo 2.2 sobre aviso prévio trabalhado | B73: =+B72*B49 -> 0.0071555556 | C73: =$C$28*B73 -> 0
A74: F - Multa do FGTS sobre o aviso prévio trabalhado | B74: =0.08*0.4*B72 -> 0.00062222222 | C74: =+B74*C28 -> 0
A75: TOTAL | B75: =SUM(B69:B74) -> 0.041559815 | C75: =SUM(C69:C74) -> 0
A77: MÓDULO 4: Custo de Reposição do Profissional Ausente | C77: =+C28+C35+C49+C54+C75+C82+C88 -> 0
A78: 4 - Custo de Reposição do Profissional Ausente
A79: A - Substituto na cobertura de Ausências Legais | B79: =(5/30)/12 -> 0.013888889 | C79: 0
A80: B - Substituto na cobertura de Licença-Paternidade | B80: =((5/30)/12)*0.015 -> 0.00020833333 | C80: 0
A81: C -Substituto na cobertura de Ausência por acidente de trabalho | B81: =(15/30)/12*0.0078 -> 0.000325 | C81: 0
A82: D - Substituto na cobertura de Afastamento Maternidade | B82: =((1+0.333333333333333)*3.95/12*0.02)/12 -> 0.00073148148 | C82: =B82*C28+((C54)*3.95*0.02)/12+(((3.95*C28+3.95/12*C28)*B49+(0)*0.08)*0.02)/12 -> 0
A83: E - Substituto na cobertura de Outras ausências (especificar) | C83: =+B83*$C$28 -> 0
A84: TOTAL | C84: =SUM(C79:C83) -> 0
A86: MÓDULO 5: Insumos Diversos
A87: 5 - INSUMOS DIVERSOS | C87: Valor (R$)
A88: A - Uniformes e EPI | C88: 0
C89: 0
A90: TOTAL | C90: =SUM(C88:C89) -> 0
A92: MÓDULO 6: Custos Indiretos, Tributos e Lucros
A93: 6 - Custos indiretos, tributos e lucro | B93: % | C93: Valor (R$)
A94: BASE DE CÁLCULO DOS CUSTOS INDIRETOS/DESPESAS OPERACIONAIS/ADMINISTRATIVAS (Módulo 1 + Módulo 2+ Módulo 3 + Módulo 4 + Módulo 5) | C94: =+C90+C84+C75+C65+C28 -> 0
A96: A - Custos indiretos | B96: 0.05 | C96: =C94*B96 -> 0
A97: BASE DE CÁLCULO DO LUCRO = ((Módulo 1 + Módulo 2+ Módulo 3 + Módulo 4 + Módulo 5 + Custos Indiretos) | C97: =C94+C96 -> 0
A99: Contribuição assistencial sindical (CCT SIEMACO/SEAC-PR, Cláusula 37ª – R$ 90,00/ano por empregado) | C99: 0
A100: B - Lucro | B100: 0.05 | C100: =C97*B100 -> 0
A101: C - Tributos
A102: BASE DE CÁLCULO DOS TRIBUTOS | C102: =+C100+C96+C94 -> 0
A103: CÁLCULO DOS TRIBUTOS = Base de Cálculo dos Tributos / (1-(Total de Tributos em % dividido por 100)] x Alíquota do tributo
A104: C1. Tributos Federais
A105: COFINS | B105: 0.076 | C105: =(C102)*B105/(1-(B108)) -> 0
A106: PIS | B106: 0.0165 | C106: =(C102)*B106/(1-(B108)) -> 0
A107: C2. Tributos Municipais - ISS | B107: 0.04 | C107: =(C102)*B107/(1-(B108)) -> 0
A108: SUBTOTAL Tributos | B108: =SUM(B105:B107) -> 0.1325 | C108: =SUM(C105:C107) -> 0
A110: TOTAL | C110: =C96+C100+C108 -> 0
A113: QUADRO-RESUMO DO CUSTO POR EMPREGADO
A115: Mão-de-obra vinculada à execução contratual (Valor por empregado) | C115: (R$)
A116: A - Módulo 1 - Composição da Remuneração | C116: =C28 -> 0
A117: B - Módulo 2 - Encargos e Benefícios Anuais, Mensais e Diários | C117: =+C65 -> 0
A118: C - Módulo 3 - Provisão para Rescisão | C118: =+C75 -> 0
A119: D - Módulo 4 - Custo de Reposição do Profissional Ausente | C119: =+C84 -> 0
A120: E - Módulo 5 - Insumos Diversos | C120: =+C90 -> 0
A121: Subtotal (A+B+C+D+E) | C121: =SUM(C116:C120) -> 0
A122: F - Módulo 6 - Custos indiretos, tributos e lucro | C122: =C110 -> 0
A123: VALOR TOTAL POR EMPREGADO | C123: =TRUNC(C121+C122,2) -> 0

Sheet ServenteCopeira 20h
A2: PLANILHA DE CUSTOS E FORMAÇÃO DE PREÇOS
A5: Nº Processo: | B5: 11.328/2025
A9: SERVENTE COPEIRA, 20 HORAS SEMANAIS
A11: Discriminação dos Serviços
A13: A - Data da apresentação da proposta (dia/mês/ano)
A14: B - Município/UF | B14: São Mateus do Sul - PR
A15: C - Ano do Acordo, Convenção ou Dissídio Coletivo | B15: SIEMACO PR x SEAC PR 2026 - 2028 PR000063/2026
A16: D - Tipo de Serviço | B16: Servente Copeira - 20h semanais
A17: E - Número de meses de execução contratual | B17: 12
A19: IMPORTANTE: Para efeito de elaboração da planilha de custos os dados abaixo deverão ser informados/cotados os valores unitários mensais por empregado
A22: MÓDULO 1: COMPOSIÇÃO DA REMUNERAÇÃO
A23: 1 - COMPOSIÇÃO DA REMUNERAÇÃO
A24: A - Salário base | C24: 0
A25: B - Adicional de Insalubridade calculado sobre o valor do salário-mínimo nacional §5º 21 CCT
A26: 1621 | B26: 0.4 | C26: 0
A27: C - Gratificação de função de Copeira, CCT 02.01 – cumulação de função | C27: 0
A28: TOTAL DA REMUNERAÇÃO : | C28: =SUM(C24:C27) -> 0
A30: MÓDULO 2: Encargos e Benefícios Anuais, Mensais e Diários
A31: 2.1 - Contingenciamento - Resolução 169/2013 CNJ
A32: A - 13º salário | B32: 0.0833 | C32: =$C$28*B32 -> 0
A33: B- Férias | B33: 0.0833 | C33: =$C$28*B33 -> 0
A34: C - Adicional de férias | B34: 0.0278 | C34: =$C$28*B34 -> 0
A35: Subtotal | B35: =SUM(B32:B34) -> 0.1944 | C35: =SUM(C32:C34) -> 0
A36: D - Incidência do módulo 4 sobre 13º Salário e Adicional de Férias | B36: =+B35*B49 -> 0.0715392 | C36: =$C$28*B36 -> 0
A37: E - Multa do FGTS por dispensa sem justa causa | B37: 0.0347 | C37: =$C$28*B37 -> 0
A38: TOTAL | B38: =B36+B35+B37 -> 0.3006392 | C38: =C36+C35+C37 -> 0
A40: 2.2 - Encargos Previdenciários (GPS), Fundo de Garantia por Tempo de Serviço (FGTS) e outras contribuições. | B40: % | C40: Valor (R$)
A41: A - INSS | B41: 0.2 | C41: =$C$28*B41 -> 0
A42: B - Salário Educação | B42: 0.025 | C42: =$C$28*B42 -> 0
A43: C - RAT Ajustado | B43: 0.03 | C43: =$C$28*B43 -> 0
A44: D - SESC ou SESI | B44: 0.015 | C44: =$C$28*B44 -> 0
A45: E - SENAI - SENAC | B45: 0.01 | C45: =$C$28*B45 -> 0
A46: F - SEBRAE | B46: 0.006 | C46: =$C$28*B46 -> 0
A47: G - INCRA | B47: 0.002 | C47: =$C$28*B47 -> 0
A48: H - FGTS | B48: 0.08 | C48: =$C$28*B48 -> 0
A49: TOTAL | B49: =SUM(B41:B48) -> 0.368 | C49: =SUM(C41:C48) -> 0
A51: 2.3 - Benefícios Mensais e Diários
A52: A - Transporte Cláusula 15ª CCT | B52: 3.5 | C52: 0
A53: B - Vale Alimentação Cláusula 13ª CCT | B53: 900 | C53: 0
A54: B' - Vale Alimentação Férias 1/12 Cláusula 13ª CCT §8º | C54: =C53/12 -> 0
A55: C - Auxílio Creche Cláusula 11ª CCT | C55: -
A56: D - Assistência Médica Cláusula 16ª CCT | C56: 0
A57: E - Benefício Social Familiar Cláusula 17ª CCT | C57: 0
A58: E' - Reserva técnica – benefícios sociais eventuais previstos em CCT (nascimento de filho) §4º Outros Auxílios | B58: 1300 | C58: -
A59: F - Qualificação/ Formação Profissional Cláusula 23ª CCT | C59: -
A60: TOTAL | C60: =SUM(C52:C59) -> 0
A61: Quadro-Resumo do Módulo 2 | C61: Valor (R$)
A62: 2.1 - Contingenciamento - Resolução 169/2013 CNJ | C62: =+C38 -> 0
A63: 2.2 - GPS, FGTS e outras contribuições | C63: =+C49 -> 0
A64: 2.3 - Benefícios Mensais e Diários | C64: =+C60 -> 0
A65: TOTAL | C65: =SUM(C62:C64) -> 0
A67: MÓDULO 3: Provisão para Rescisão
A68: 3 - Provisão para rescisão | B68: % | C68: Valor (R$)
A69: A - Aviso prévio indenizado | B69: =(((1+1/12*1+(1/12*1+1/3*1/12*1))*0.05)/12)+(((1/30*3)*1)*0.95)/12 -> 0.012893519 | C69: =$C$28*B69 -> 0
A70: B - Incidência do FGTS sobre o aviso prévio indenizado | B70: =0.08*B69 -> 0.0010314815 | C70: =$C$28*B70 -> 0
A71: C - Multa do FGTS do aviso prévio indenizado | B71: =0.08*0.4*B69 -> 0.00041259259 | C71: =$C$28*B71 -> 0
A72: D - Aviso prévio trabalhado | B72: =((7/30)/12) -> 0.019444444 | C72: =$C$28*B72 -> 0
A73: E - Incidência do submódulo 2.2 sobre aviso prévio trabalhado | B73: =+B72*B49 -> 0.0071555556 | C73: =$C$28*B73 -> 0
A74: F - Multa do FGTS sobre o aviso prévio trabalhado | B74: =0.08*0.4*B72 -> 0.00062222222 | C74: =+B74*C28 -> 0
A75: TOTAL | B75: =SUM(B69:B74) -> 0.041559815 | C75: =SUM(C69:C74) -> 0
A77: MÓDULO 4: Custo de Reposição do Profissional Ausente | C77: =+C28+C35+C49+C54+C75+C82+C88 -> 0
A78: 4 - Custo de Reposição do Profissional Ausente
A79: A - Substituto na cobertura de Ausências Legais | B79: =(5/30)/12 -> 0.013888889 | C79: 0
A80: B - Substituto na cobertura de Licença-Paternidade | B80: =((5/30)/12)*0.015 -> 0.00020833333 | C80: 0
A81: C -Substituto na cobertura de Ausência por acidente de trabalho | B81: =(15/30)/12*0.0078 -> 0.000325 | C81: 0
A82: D - Substituto na cobertura de Afastamento Maternidade | B82: =((1+0.333333333333333)*3.95/12*0.02)/12 -> 0.00073148148 | C82: =B82*C28+((C54)*3.95*0.02)/12+(((3.95*C28+3.95/12*C28)*B49+(0)*0.08)*0.02)/12 -> 0
A83: E - Substituto na cobertura de Outras ausências (especificar) | C83: =+B83*$C$28 -> 0
A84: TOTAL | C84: =SUM(C79:C83) -> 0
A86: MÓDULO 5: Insumos Diversos
A87: 5 - INSUMOS DIVERSOS | C87: Valor (R$)
A88: A - Uniformes e EPI | C88: 0
C89: 0
A90: TOTAL | C90: =SUM(C88:C89) -> 0
A92: MÓDULO 6: Custos Indiretos, Tributos e Lucros
A93: 6 - Custos indiretos, tributos e lucro | B93: % | C93: Valor (R$)
A94: BASE DE CÁLCULO DOS CUSTOS INDIRETOS/DESPESAS OPERACIONAIS/ADMINISTRATIVAS (Módulo 1 + Módulo 2+ Módulo 3 + Módulo 4 + Módulo 5) | C94: =+C90+C84+C75+C65+C28 -> 0
A96: A - Custos indiretos | B96: 0.05 | C96: =C94*B96 -> 0
A97: BASE DE CÁLCULO DO LUCRO = ((Módulo 1 + Módulo 2+ Módulo 3 + Módulo 4 + Módulo 5 + Custos Indiretos) | C97: =C94+C96 -> 0
A99: Contribuição assistencial sindical (CCT SIEMACO/SEAC-PR, Cláusula 37ª – R$ 90,00/ano por empregado) | C99: 0
A100: B - Lucro | B100: 0.05 | C100: =C97*B100 -> 0
A101: C - Tributos
A102: BASE DE CÁLCULO DOS TRIBUTOS | C102: =+C100+C96+C94 -> 0
A103: CÁLCULO DOS TRIBUTOS = Base de Cálculo dos Tributos / (1-(Total de Tributos em % dividido por 100)] x Alíquota do tributo
A104: C1. Tributos Federais
A105: COFINS | B105: 0.076 | C105: =(C102)*B105/(1-(B108)) -> 0
A106: PIS | B106: 0.0165 | C106: =(C102)*B106/(1-(B108)) -> 0
A107: C2. Tributos Municipais - ISS | B107: 0.04 | C107: =(C102)*B107/(1-(B108)) -> 0
A108: SUBTOTAL Tributos | B108: =SUM(B105:B107) -> 0.1325 | C108: =SUM(C105:C107) -> 0
A110: TOTAL | C110: =C96+C100+C108 -> 0
A113: QUADRO-RESUMO DO CUSTO POR EMPREGADO
A115: Mão-de-obra vinculada à execução contratual (Valor por empregado) | C115: (R$)
A116: A - Módulo 1 - Composição da Remuneração | C116: =C28 -> 0
A117: B - Módulo 2 - Encargos e Benefícios Anuais, Mensais e Diários | C117: =+C65 -> 0
A118: C - Módulo 3 - Provisão para Rescisão | C118: =+C75 -> 0
A119: D - Módulo 4 - Custo de Reposição do Profissional Ausente | C119: =+C84 -> 0
A120: E - Módulo 5 - Insumos Diversos | C120: =+C90 -> 0
A121: Subtotal (A+B+C+D+E) | C121: =SUM(C116:C120) -> 0
A122: F - Módulo 6 - Custos indiretos, tributos e lucro | C122: =C110 -> 0
A123: VALOR TOTAL POR EMPREGADO | C123: =TRUNC(C121+C122,2) -> 0

Sheet ServenteCopeira 36h
A2: PLANILHA DE CUSTOS E FORMAÇÃO DE PREÇOS
A5: Nº Processo: | B5: 11.328/2025
A9: SERVENTE COPEIRA, 36 HORAS SEMANAIS
A11: Discriminação dos Serviços
A13: A - Data da apresentação da proposta (dia/mês/ano)
A14: B - Município/UF | B14: São Mateus do Sul - PR
A15: C - Ano do Acordo, Convenção ou Dissídio Coletivo | B15: SIEMACO PR x SEAC PR 2026 - 2028 PR000063/2026
A16: D - Tipo de Serviço | B16: Servente Copeira - 36h semanais
A17: E - Número de meses de execução contratual | B17: 12
A19: IMPORTANTE: Para efeito de elaboração da planilha de custos os dados abaixo deverão ser informados/cotados os valores unitários mensais por empregado
A22: MÓDULO 1: COMPOSIÇÃO DA REMUNERAÇÃO
A23: 1 - COMPOSIÇÃO DA REMUNERAÇÃO
A24: A - Salário base | C24: 0
A25: B - Adicional de Insalubridade calculado sobre o valor do salário-mínimo nacional §5º 21 CCT
A26: 1621 | B26: 0.4 | C26: 0
A27: C - Gratificação de função de Copeira, CCT 02.01 – cumulação de função
A28: TOTAL DA REMUNERAÇÃO : | C28: =SUM(C24:C27) -> 0
A30: MÓDULO 2: Encargos e Benefícios Anuais, Mensais e Diários
A31: 2.1 - Contingenciamento - Resolução 169/2013 CNJ
A32: A - 13º salário | B32: 0.0833 | C32: =$C$28*B32 -> 0
A33: B- Férias | B33: 0.0833 | C33: =$C$28*B33 -> 0
A34: C - Adicional de férias | B34: 0.0278 | C34: =$C$28*B34 -> 0
A35: Subtotal | B35: =SUM(B32:B34) -> 0.1944 | C35: =SUM(C32:C34) -> 0
A36: D - Incidência do módulo 4 sobre 13º Salário e Adicional de Férias | B36: =+B35*B49 -> 0.0715392 | C36: =$C$28*B36 -> 0
A37: E - Multa do FGTS por dispensa sem justa causa | B37: 0.0347 | C37: =$C$28*B37 -> 0
A38: TOTAL | B38: =B36+B35+B37 -> 0.3006392 | C38: =C36+C35+C37 -> 0
A40: 2.2 - Encargos Previdenciários (GPS), Fundo de Garantia por Tempo de Serviço (FGTS) e outras contribuições. | B40: % | C40: Valor (R$)
A41: A - INSS | B41: 0.2 | C41: =$C$28*B41 -> 0
A42: B - Salário Educação | B42: 0.025 | C42: =$C$28*B42 -> 0
A43: C - RAT Ajustado | B43: 0.03 | C43: =$C$28*B43 -> 0
A44: D - SESC ou SESI | B44: 0.015 | C44: =$C$28*B44 -> 0
A45: E - SENAI - SENAC | B45: 0.01 | C45: =$C$28*B45 -> 0
A46: F - SEBRAE | B46: 0.006 | C46: =$C$28*B46 -> 0
A47: G - INCRA | B47: 0.002 | C47: =$C$28*B47 -> 0
A48: H - FGTS | B48: 0.08 | C48: =$C$28*B48 -> 0
A49: TOTAL | B49: =SUM(B41:B48) -> 0.368 | C49: =SUM(C41:C48) -> 0
A51: 2.3 - Benefícios Mensais e Diários
A52: A - Transporte Cláusula 15ª CCT | B52: 3.5 | C52: 0
A53: B - Vale Alimentação Cláusula 13ª CCT | B53: 900 | C53: 0
A54: B' - Vale Alimentação Férias 1/12 Cláusula 13ª CCT §8º | C54: 0
A55: C - Auxílio Creche Cláusula 11ª CCT | C55: -
A56: D - Assistência Médica Cláusula 16ª CCT | C56: 0
A57: E - Benefício Social Familiar Cláusula 17ª CCT | C57: 0
A58: E' - Reserva técnica – benefícios sociais eventuais previstos em CCT (nascimento de filho) §4º Outros Auxílios | B58: 1300 | C58: -
A59: F - Qualificação/ Formação Profissional Cláusula 23ª CCT | C59: -
A60: TOTAL | C60: =SUM(C52:C59) -> 0
A61: Quadro-Resumo do Módulo 2 | C61: Valor (R$)
A62: 2.1 - Contingenciamento - Resolução 169/2013 CNJ | C62: =+C38 -> 0
A63: 2.2 - GPS, FGTS e outras contribuições | C63: =+C49 -> 0
A64: 2.3 - Benefícios Mensais e Diários | C64: =+C60 -> 0
A65: TOTAL | C65: =SUM(C62:C64) -> 0
A67: MÓDULO 3: Provisão para Rescisão
A68: 3 - Provisão para rescisão | B68: % | C68: Valor (R$)
A69: A - Aviso prévio indenizado | B69: =(((1+1/12*1+(1/12*1+1/3*1/12*1))*0.05)/12)+(((1/30*3)*1)*0.95)/12 -> 0.012893519 | C69: =$C$28*B69 -> 0
A70: B - Incidência do FGTS sobre o aviso prévio indenizado | B70: =0.08*B69 -> 0.0010314815 | C70: =$C$28*B70 -> 0
A71: C - Multa do FGTS do aviso prévio indenizado | B71: =0.08*0.4*B69 -> 0.00041259259 | C71: =$C$28*B71 -> 0
A72: D - Aviso prévio trabalhado | B72: =((7/30)/12) -> 0.019444444 | C72: =$C$28*B72 -> 0
A73: E - Incidência do submódulo 2.2 sobre aviso prévio trabalhado | B73: =+B72*B49 -> 0.0071555556 | C73: =$C$28*B73 -> 0
A74: F - Multa do FGTS sobre o aviso prévio trabalhado | B74: =0.08*0.4*B72 -> 0.00062222222 | C74: =+B74*C28 -> 0
A75: TOTAL | B75: =SUM(B69:B74) -> 0.041559815 | C75: =SUM(C69:C74) -> 0
A77: MÓDULO 4: Custo de Reposição do Profissional Ausente | C77: =+C28+C35+C49+C54+C75+C82+C88 -> 0
A78: 4 - Custo de Reposição do Profissional Ausente
A79: A - Substituto na cobertura de Ausências Legais | B79: =(5/30)/12 -> 0.013888889 | C79: 0
A80: B - Substituto na cobertura de Licença-Paternidade | B80: =((5/30)/12)*0.015 -> 0.00020833333 | C80: 0
A81: C -Substituto na cobertura de Ausência por acidente de trabalho | B81: =(15/30)/12*0.0078 -> 0.000325 | C81: 0
A82: D - Substituto na cobertura de Afastamento Maternidade | B82: =((1+0.333333333333333)*3.95/12*0.02)/12 -> 0.00073148148 | C82: =B82*C28+((C54)*3.95*0.02)/12+(((3.95*C28+3.95/12*C28)*B49+(0)*0.08)*0.02)/12 -> 0
A83: E - Substituto na cobertura de Outras ausências (especificar) | C83: =+B83*$C$28 -> 0
A84: TOTAL | C84: =SUM(C79:C83) -> 0
A86: MÓDULO 5: Insumos Diversos
A87: 5 - INSUMOS DIVERSOS | C87: Valor (R$)
A88: A - Uniformes e EPI | C88: 0
C89: 0
A90: TOTAL | C90: =SUM(C88:C89) -> 0
A92: MÓDULO 6: Custos Indiretos, Tributos e Lucros
A93: 6 - Custos indiretos, tributos e lucro | B93: % | C93: Valor (R$)
A94: BASE DE CÁLCULO DOS CUSTOS INDIRETOS/DESPESAS OPERACIONAIS/ADMINISTRATIVAS (Módulo 1 + Módulo 2+ Módulo 3 + Módulo 4 + Módulo 5) | C94: =+C90+C84+C75+C65+C28 -> 0
A96: A - Custos indiretos | B96: 0.05 | C96: =C94*B96 -> 0
A97: BASE DE CÁLCULO DO LUCRO = ((Módulo 1 + Módulo 2+ Módulo 3 + Módulo 4 + Módulo 5 + Custos Indiretos) | C97: =C94+C96 -> 0
A99: Contribuição assistencial sindical (CCT SIEMACO/SEAC-PR, Cláusula 37ª – R$ 90,00/ano por empregado) | C99: 0
A100: B - Lucro | B100: 0.05 | C100: =C97*B100 -> 0
A101: C - Tributos
A102: BASE DE CÁLCULO DOS TRIBUTOS | C102: =+C100+C96+C94 -> 0
A103: CÁLCULO DOS TRIBUTOS = Base de Cálculo dos Tributos / (1-(Total de Tributos em % dividido por 100)] x Alíquota do tributo
A104: C1. Tributos Federais
A105: COFINS | B105: 0.076 | C105: =(C102)*B105/(1-(B108)) -> 0
A106: PIS | B106: 0.0165 | C106: =(C102)*B106/(1-(B108)) -> 0
A107: C2. Tributos Municipais - ISS | B107: 0.04 | C107: =(C102)*B107/(1-(B108)) -> 0
A108: SUBTOTAL Tributos | B108: =SUM(B105:B107) -> 0.1325 | C108: =SUM(C105:C107) -> 0
A110: TOTAL | C110: =C96+C100+C108 -> 0
A113: QUADRO-RESUMO DO CUSTO POR EMPREGADO
A115: Mão-de-obra vinculada à execução contratual (Valor por empregado) | C115: (R$)
A116: A - Módulo 1 - Composição da Remuneração | C116: =C28 -> 0
A117: B - Módulo 2 - Encargos e Benefícios Anuais, Mensais e Diários | C117: =+C65 -> 0
A118: C - Módulo 3 - Provisão para Rescisão | C118: =+C75 -> 0
A119: D - Módulo 4 - Custo de Reposição do Profissional Ausente | C119: =+C84 -> 0
A120: E - Módulo 5 - Insumos Diversos | C120: =+C90 -> 0
A121: Subtotal (A+B+C+D+E) | C121: =SUM(C116:C120) -> 0
A122: F - Módulo 6 - Custos indiretos, tributos e lucro | C122: =C110 -> 0
A123: VALOR TOTAL POR EMPREGADO | C123: =TRUNC(C121+C122,2) -> 0

Sheet ServenteCopeira 12x36 noturno
A2: PLANILHA DE CUSTOS E FORMAÇÃO DE PREÇOS
A5: Nº Processo: | B5: 11.328/2025
A9: SERVENTE COPEIRA, 12 X 36 NOTURNO
A11: Discriminação dos Serviços
A13: A - Data da apresentação da proposta (dia/mês/ano)
A14: B - Município/UF | B14: São Mateus do Sul - PR
A15: C - Ano do Acordo, Convenção ou Dissídio Coletivo | B15: SIEMACO PR x SEAC PR 2026 - 2028 PR000063/2026
A16: D - Tipo de Serviço | B16: Servente Copeira - 12 X 36 NOTURNO
A17: E - Número de meses de execução contratual | B17: 12
A19: IMPORTANTE: Para efeito de elaboração da planilha de custos os dados abaixo deverão ser informados/cotados os valores unitários mensais por empregado
A22: MÓDULO 1: COMPOSIÇÃO DA REMUNERAÇÃO
A23: 1 - COMPOSIÇÃO DA REMUNERAÇÃO
A24: A - Salário-Base jornada de 12x36 horas Art. 59-A Lei 5.452/1943; Cláusula 28 CCT (valor integral) | C24: 0
A25: B - Adicional de Insalubridade calculado sobre o valor do salário-mínimo nacional §5º 21 CCT
A26: 1621 | B26: 0.4 | C26: 0
A27: C - Adicional Noturno | B27: 0.2 | C27: =ROUND((C24/220)*0.2*(105*60/52.5),2) -> 0 | E27: =ROUND((C24/220)*39,2) -> 0
A28: D - Adicional de Hora Reduzida | C28: =ROUND((C24/220)* (105*(60/52.5 - 1)),2) -> 0 | E28: =C27+C28 -> 0
A29: E - Gratificação de função de Copeira, CCT 02.01 – cumulação de função | C29: 0
A30: TOTAL DA REMUNERAÇÃO : | C30: =SUM(C24:C29) -> 0
A32: MÓDULO 2: Encargos e Benefícios Anuais, Mensais e Diários
A33: 2.1 - Contingenciamento - Resolução 169/2013 CNJ
A34: A - 13º salário | B34: 0.0833 | C34: =$C$30*B34 -> 0
A35: B- Férias | B35: 0.0833 | C35: =$C$30*B35 -> 0
A36: C - Adicional de férias | B36: 0.0278 | C36: =$C$30*B36 -> 0
A37: Subtotal | B37: =SUM(B34:B36) -> 0.1944 | C37: =SUM(C34:C36) -> 0
A38: D - Incidência do módulo 4 sobre 13º Salário e Adicional de Férias | B38: =+B37*B51 -> 0.0715392 | C38: =$C$30*B38 -> 0
A39: E - Multa do FGTS por dispensa sem justa causa | B39: 0.0347 | C39: =$C$30*B39 -> 0
A40: TOTAL | B40: =B38+B37+B39 -> 0.3006392 | C40: =C38+C37+C39 -> 0
A42: 2.2 - Encargos Previdenciários (GPS), Fundo de Garantia por Tempo de Serviço (FGTS) e outras contribuições. | B42: % | C42: Valor (R$)
A43: A - INSS | B43: 0.2 | C43: =$C$30*B43 -> 0
A44: B - Salário Educação | B44: 0.025 | C44: =$C$30*B44 -> 0
A45: C - RAT Ajustado | B45: 0.03 | C45: =$C$30*B45 -> 0
A46: D - SESC ou SESI | B46: 0.015 | C46: =$C$30*B46 -> 0
A47: E - SENAI - SENAC | B47: 0.01 | C47: =$C$30*B47 -> 0
A48: F - SEBRAE | B48: 0.006 | C48: =$C$30*B48 -> 0
A49: G - INCRA | B49: 0.002 | C49: =$C$30*B49 -> 0
A50: H - FGTS | B50: 0.08 | C50: =$C$30*B50 -> 0
A51: TOTAL | B51: =SUM(B43:B50) -> 0.368 | C51: =SUM(C43:C50) -> 0
A53: 2.3 - Benefícios Mensais e Diários
A54: A - Transporte Cláusula 15ª CCT | B54: 3.5 | C54: 0 | E54: =ROUND(((B54*2)*15)-(C24*6%),2) -> 105
A55: B - Vale Alimentação Cláusula 13ª CCT | B55: 900 | C55: 0
A56: B' - Vale Alimentação Férias 1/12 Cláusula 13ª CCT §8º | C56: 0
A57: C - Auxílio Creche Cláusula 11ª CCT | C57: -
A58: D - Assistência Médica Cláusula 16ª CCT | C58: 0
A59: E - Benefício Social Familiar Cláusula 17ª CCT | C59: 0
A60: E' - Reserva técnica – benefícios sociais eventuais previstos em CCT (nascimento de filho) §4º Outros Auxílios | B60: 1300 | C60: -
A61: F - Qualificação/ Formação Profissional Cláusula 23ª CCT | C61: -
A62: TOTAL | C62: =SUM(C54:C61) -> 0
A63: Quadro-Resumo do Módulo 2 | C63: Valor (R$)
A64: 2.1 - Contingenciamento - Resolução 169/2013 CNJ | C64: =+C40 -> 0
A65: 2.2 - GPS, FGTS e outras contribuições | C65: =+C51 -> 0
A66: 2.3 - Benefícios Mensais e Diários | C66: =+C62 -> 0
A67: TOTAL | C67: =SUM(C64:C66) -> 0
A69: MÓDULO 3: Provisão para Rescisão
A70: 3 - Provisão para rescisão | B70: % | C70: Valor (R$)
A71: A - Aviso prévio indenizado | B71: =(((1+1/12*1+(1/12*1+1/3*1/12*1))*0.05)/12)+(((1/30*3)*1)*0.95)/12 -> 0.012893519 | C71: =$C$30*B71 -> 0
A72: B - Incidência do FGTS sobre o aviso prévio indenizado | B72: =0.08*B71 -> 0.0010314815 | C72: =$C$30*B72 -> 0
A73: C - Multa do FGTS do aviso prévio indenizado | B73: =0.08*0.4*B71 -> 0.00041259259 | C73: =$C$30*B73 -> 0
A74: D - Aviso prévio trabalhado | B74: =((7/30)/12) -> 0.019444444 | C74: =$C$30*B74 -> 0
A75: E - Incidência do submódulo 2.2 sobre aviso prévio trabalhado | B75: =+B74*B51 -> 0.0071555556 | C75: =$C$30*B75 -> 0
A76: F - Multa do FGTS sobre o aviso prévio trabalhado | B76: =0.08*0.4*B74 -> 0.00062222222 | C76: =+B76*C30 -> 0
A77: TOTAL | B77: =SUM(B71:B76) -> 0.041559815 | C77: =SUM(C71:C76) -> 0
A79: MÓDULO 4: Custo de Reposição do Profissional Ausente | C79: =+C30+C37+C51+C56+C77+C84+C90 -> 0
A80: 4 - Custo de Reposição do Profissional Ausente
A81: A - Substituto na cobertura de Ausências Legais | B81: =(5/30)/12 -> 0.013888889 | C81: 0
A82: B - Substituto na cobertura de Licença-Paternidade | B82: =((5/30)/12)*0.015 -> 0.00020833333 | C82: 0
A83: C -Substituto na cobertura de Ausência por acidente de trabalho | B83: =(15/30)/12*0.0078 -> 0.000325 | C83: 0
A84: D - Substituto na cobertura de Afastamento Maternidade | B84: =((1+0.333333333333333)*3.95/12*0.02)/12 -> 0.00073148148 | C84: =B84*C30+((C56)*3.95*0.02)/12+(((3.95*C30+3.95/12*C30)*B51+(0)*0.08)*0.02)/12 -> 0
A85: E - Substituto na cobertura de Outras ausências (especificar) | C85: =+B85*$C$30 -> 0
A86: TOTAL | C86: =SUM(C81:C85) -> 0
A88: MÓDULO 5: Insumos Diversos
A89: 5 - INSUMOS DIVERSOS | C89: Valor (R$)
A90: A - Uniformes e EPI | C90: 0
C91: 0
A92: TOTAL | C92: =SUM(C90:C91) -> 0
A94: MÓDULO 6: Custos Indiretos, Tributos e Lucros
A95: 6 - Custos indiretos, tributos e lucro | B95: % | C95: Valor (R$)
A96: BASE DE CÁLCULO DOS CUSTOS INDIRETOS/DESPESAS OPERACIONAIS/ADMINISTRATIVAS (Módulo 1 + Módulo 2+ Módulo 3 + Módulo 4 + Módulo 5) | C96: =+C92+C86+C77+C67+C30 -> 0
A98: A - Custos indiretos | B98: 0.05 | C98: =C96*B98 -> 0
A99: BASE DE CÁLCULO DO LUCRO = ((Módulo 1 + Módulo 2+ Módulo 3 + Módulo 4 + Módulo 5 + Custos Indiretos) | C99: =C96+C98 -> 0
A101: Contribuição assistencial sindical (CCT SIEMACO/SEAC-PR, Cláusula 37ª – R$ 90,00/ano por empregado) | C101: 0
A102: B - Lucro | B102: 0.05 | C102: =C99*B102 -> 0
A103: C - Tributos
A104: BASE DE CÁLCULO DOS TRIBUTOS | C104: =+C102+C98+C96 -> 0
A105: CÁLCULO DOS TRIBUTOS = Base de Cálculo dos Tributos / (1-(Total de Tributos em % dividido por 100)] x Alíquota do tributo
A106: C1. Tributos Federais
A107: COFINS | B107: 0.076 | C107: =(C104)*B107/(1-(B110)) -> 0
A108: PIS | B108: 0.0165 | C108: =(C104)*B108/(1-(B110)) -> 0
A109: C2. Tributos Municipais - ISS | B109: 0.04 | C109: =(C104)*B109/(1-(B110)) -> 0
A110: SUBTOTAL Tributos | B110: =SUM(B107:B109) -> 0.1325 | C110: =SUM(C107:C109) -> 0
A112: TOTAL | C112: =C98+C102+C110 -> 0
A115: QUADRO-RESUMO DO CUSTO POR EMPREGADO
A117: Mão-de-obra vinculada à execução contratual (Valor por empregado) | C117: (R$)
A118: A - Módulo 1 - Composição da Remuneração | C118: =C30 -> 0
A119: B - Módulo 2 - Encargos e Benefícios Anuais, Mensais e Diários | C119: =+C67 -> 0
A120: C - Módulo 3 - Provisão para Rescisão | C120: =+C77 -> 0
A121: D - Módulo 4 - Custo de Reposição do Profissional Ausente | C121: =+C86 -> 0
A122: E - Módulo 5 - Insumos Diversos | C122: =+C92 -> 0
A123: Subtotal (A+B+C+D+E) | C123: =SUM(C118:C122) -> 0
A124: F - Módulo 6 - Custos indiretos, tributos e lucro | C124: =C112 -> 0
...

Sheet ServenteCopeira 12x36 diurno
A2: PLANILHA DE CUSTOS E FORMAÇÃO DE PREÇOS
A5: Nº Processo: | B5: 11.328/2025
A9: SERVENTE COPEIRA, 12 x 36 DIURNO
A11: Discriminação dos Serviços
A13: A - Data da apresentação da proposta (dia/mês/ano)
A14: B - Município/UF | B14: São Mateus do Sul - PR
A15: C - Ano do Acordo, Convenção ou Dissídio Coletivo | B15: SIEMACO PR x SEAC PR 2026 - 2028 PR000063/2026
A16: D - Tipo de Serviço | B16: Servente Copeira - 12 X 36 DIURNO
A17: E - Número de meses de execução contratual | B17: 12
A19: IMPORTANTE: Para efeito de elaboração da planilha de custos os dados abaixo deverão ser informados/cotados os valores unitários mensais por empregado
A22: MÓDULO 1: COMPOSIÇÃO DA REMUNERAÇÃO
A23: 1 - COMPOSIÇÃO DA REMUNERAÇÃO
A24: A - Salário-Base jornada de 12x36 horas Art. 59-A Lei 5.452/1943; Cláusula 28 CCT (valor integral) | C24: 0
A25: B - Adicional de Insalubridade calculado sobre o valor do salário-mínimo nacional §5º 21 CCT
A26: 1621 | B26: 0.4 | C26: 0
A27: C - Gratificação de função de Copeira, CCT 02.01 – cumulação de função | C27: 0
A28: TOTAL DA REMUNERAÇÃO : | C28: =SUM(C24:C27) -> 0
A30: MÓDULO 2: Encargos e Benefícios Anuais, Mensais e Diários
A31: 2.1 - Contingenciamento - Resolução 169/2013 CNJ
A32: A - 13º salário | B32: 0.0833 | C32: =$C$28*B32 -> 0
A33: B- Férias | B33: 0.0833 | C33: =$C$28*B33 -> 0
A34: C - Adicional de férias | B34: 0.0278 | C34: =$C$28*B34 -> 0
A35: Subtotal | B35: =SUM(B32:B34) -> 0.1944 | C35: =SUM(C32:C34) -> 0
A36: D - Incidência do módulo 4 sobre 13º Salário e Adicional de Férias | B36: =+B35*B49 -> 0.0715392 | C36: =$C$28*B36 -> 0
A37: E - Multa do FGTS por dispensa sem justa causa | B37: 0.0347 | C37: =$C$28*B37 -> 0
A38: TOTAL | B38: =B36+B35+B37 -> 0.3006392 | C38: =C36+C35+C37 -> 0
A40: 2.2 - Encargos Previdenciários (GPS), Fundo de Garantia por Tempo de Serviço (FGTS) e outras contribuições. | B40: % | C40: Valor (R$)
A41: A - INSS | B41: 0.2 | C41: =$C$28*B41 -> 0
A42: B - Salário Educação | B42: 0.025 | C42: =$C$28*B42 -> 0
A43: C - RAT Ajustado | B43: 0.03 | C43: =$C$28*B43 -> 0
A44: D - SESC ou SESI | B44: 0.015 | C44: =$C$28*B44 -> 0
A45: E - SENAI - SENAC | B45: 0.01 | C45: =$C$28*B45 -> 0
A46: F - SEBRAE | B46: 0.006 | C46: =$C$28*B46 -> 0
A47: G - INCRA | B47: 0.002 | C47: =$C$28*B47 -> 0
A48: H - FGTS | B48: 0.08 | C48: =$C$28*B48 -> 0
A49: TOTAL | B49: =SUM(B41:B48) -> 0.368 | C49: =SUM(C41:C48) -> 0
A51: 2.3 - Benefícios Mensais e Diários
A52: A - Transporte Cláusula 15ª CCT | B52: 3.5 | C52: 0 | E52: =ROUND(((B52*2)*15)-(C24*6%),2) -> 105
A53: B - Vale Alimentação Cláusula 13ª CCT | B53: 900 | C53: 0
A54: B' - Vale Alimentação Férias 1/12 Cláusula 13ª CCT §8º | C54: 0
A55: C - Auxílio Creche Cláusula 11ª CCT | C55: -
A56: D - Assistência Médica Cláusula 16ª CCT | C56: 0
A57: E - Benefício Social Familiar Cláusula 17ª CCT | C57: 0
A58: E' - Reserva técnica – benefícios sociais eventuais previstos em CCT (nascimento de filho) §4º Outros Auxílios | B58: 1300 | C58: -
A59: F - Qualificação/ Formação Profissional Cláusula 23ª CCT | C59: -
A60: TOTAL | C60: =SUM(C52:C59) -> 0
A61: Quadro-Resumo do Módulo 2 | C61: Valor (R$)
A62: 2.1 - Contingenciamento - Resolução 169/2013 CNJ | C62: =+C38 -> 0
A63: 2.2 - GPS, FGTS e outras contribuições | C63: =+C49 -> 0
A64: 2.3 - Benefícios Mensais e Diários | C64: =+C60 -> 0
A65: TOTAL | C65: =SUM(C62:C64) -> 0
A67: MÓDULO 3: Provisão para Rescisão
A68: 3 - Provisão para rescisão | B68: % | C68: Valor (R$)
A69: A - Aviso prévio indenizado | B69: =(((1+1/12*1+(1/12*1+1/3*1/12*1))*0.05)/12)+(((1/30*3)*1)*0.95)/12 -> 0.012893519 | C69: =$C$28*B69 -> 0
A70: B - Incidência do FGTS sobre o aviso prévio indenizado | B70: =0.08*B69 -> 0.0010314815 | C70: =$C$28*B70 -> 0
A71: C - Multa do FGTS do aviso prévio indenizado | B71: =0.08*0.4*B69 -> 0.00041259259 | C71: =$C$28*B71 -> 0
A72: D - Aviso prévio trabalhado | B72: =((7/30)/12) -> 0.019444444 | C72: =$C$28*B72 -> 0
A73: E - Incidência do submódulo 2.2 sobre aviso prévio trabalhado | B73: =+B72*B49 -> 0.0071555556 | C73: =$C$28*B73 -> 0
A74: F - Multa do FGTS sobre o aviso prévio trabalhado | B74: =0.08*0.4*B72 -> 0.00062222222 | C74: =+B74*C28 -> 0
A75: TOTAL | B75: =SUM(B69:B74) -> 0.041559815 | C75: =SUM(C69:C74) -> 0
A77: MÓDULO 4: Custo de Reposição do Profissional Ausente | C77: =+C28+C35+C49+C54+C75+C82+C88 -> 0
A78: 4 - Custo de Reposição do Profissional Ausente
A79: A - Substituto na cobertura de Ausências Legais | B79: =(5/30)/12 -> 0.013888889 | C79: 0
A80: B - Substituto na cobertura de Licença-Paternidade | B80: =((5/30)/12)*0.015 -> 0.00020833333 | C80: 0
A81: C -Substituto na cobertura de Ausência por acidente de trabalho | B81: =(15/30)/12*0.0078 -> 0.000325 | C81: 0
A82: D - Substituto na cobertura de Afastamento Maternidade | B82: =((1+0.333333333333333)*3.95/12*0.02)/12 -> 0.00073148148 | C82: =B82*C28+((C54)*3.95*0.02)/12+(((3.95*C28+3.95/12*C28)*B49+(0)*0.08)*0.02)/12 -> 0
A83: E - Substituto na cobertura de Outras ausências (especificar) | C83: =+B83*$C$28 -> 0
A84: TOTAL | C84: =SUM(C79:C83) -> 0
A86: MÓDULO 5: Insumos Diversos
A87: 5 - INSUMOS DIVERSOS | C87: Valor (R$)
A88: A - Uniformes e EPI | C88: 0
C89: 0
A90: TOTAL | C90: =SUM(C88:C89) -> 0
A92: MÓDULO 6: Custos Indiretos, Tributos e Lucros
A93: 6 - Custos indiretos, tributos e lucro | B93: % | C93: Valor (R$)
A94: BASE DE CÁLCULO DOS CUSTOS INDIRETOS/DESPESAS OPERACIONAIS/ADMINISTRATIVAS (Módulo 1 + Módulo 2+ Módulo 3 + Módulo 4 + Módulo 5) | C94: =+C90+C84+C75+C65+C28 -> 0
A96: A - Custos indiretos | B96: 0.05 | C96: =C94*B96 -> 0
A97: BASE DE CÁLCULO DO LUCRO = ((Módulo 1 + Módulo 2+ Módulo 3 + Módulo 4 + Módulo 5 + Custos Indiretos) | C97: =C94+C96 -> 0
A99: Contribuição assistencial sindical (CCT SIEMACO/SEAC-PR, Cláusula 37ª – R$ 90,00/ano por empregado) | C99: 0
A100: B - Lucro | B100: 0.05 | C100: =C97*B100 -> 0
A101: C - Tributos
A102: BASE DE CÁLCULO DOS TRIBUTOS | C102: =+C100+C96+C94 -> 0
A103: CÁLCULO DOS TRIBUTOS = Base de Cálculo dos Tributos / (1-(Total de Tributos em % dividido por 100)] x Alíquota do tributo
A104: C1. Tributos Federais
A105: COFINS | B105: 0.076 | C105: =(C102)*B105/(1-(B108)) -> 0
A106: PIS | B106: 0.0165 | C106: =(C102)*B106/(1-(B108)) -> 0
A107: C2. Tributos Municipais - ISS | B107: 0.04 | C107: =(C102)*B107/(1-(B108)) -> 0
A108: SUBTOTAL Tributos | B108: =SUM(B105:B107) -> 0.1325 | C108: =SUM(C105:C107) -> 0
A110: TOTAL | C110: =C96+C100+C108 -> 0
A113: QUADRO-RESUMO DO CUSTO POR EMPREGADO
A115: Mão-de-obra vinculada à execução contratual (Valor por empregado) | C115: (R$)
A116: A - Módulo 1 - Composição da Remuneração | C116: =C28 -> 0
A117: B - Módulo 2 - Encargos e Benefícios Anuais, Mensais e Diários | C117: =+C65 -> 0
A118: C - Módulo 3 - Provisão para Rescisão | C118: =+C75 -> 0
A119: D - Módulo 4 - Custo de Reposição do Profissional Ausente | C119: =+C84 -> 0
A120: E - Módulo 5 - Insumos Diversos | C120: =+C90 -> 0
A121: Subtotal (A+B+C+D+E) | C121: =SUM(C116:C120) -> 0
A122: F - Módulo 6 - Custos indiretos, tributos e lucro | C122: =C110 -> 0
A123: VALOR TOTAL POR EMPREGADO | C123: =TRUNC(C121+C122,2) -> 0

Sheet Uniformes e EPI
A1: Uniformes e Equipamentos de Proteção Individual
A3: Uniformes e EPIs para Servente Copeira
A5: Discriminação | B5: Unidade | C5: Durabilidade (meses) | D5: Quantidade anual por empregado | E5: Custo unitário | F5: Subtotal
A6: Sapato de segurança, material couro sintético, solado de borracha antiderrapante; | B6: Und | C6: 4 | D6: 3 | E6: 0 | F6: =D6*E6 -> 0
A7: Pares de bota de borracha, PVC, forrada, cano médio, em número compatível ao funcionário que estará utilizando; | B7: Par | C7: 6 | D7: 2 | E7: 0 | F7: =D7*E7 -> 0
A8: Jaleco em Oxford, (100% poliéster), unissex, médio (acima do joelho), manga curta, sem bolsos, gola em "V", tamanhos: P, M, G, GG (compatível ao funcionário que estiver usando), com proteção para os botões e faixa traseira reforçada. | B8: Und | C8: 6 | D8: 2 | E8: 0 | F8: =D8*E8 -> 0
A9: Camisetas de algodão, com a logomarca da empresa | B9: Und | C9: 4 | D9: 3 | E9: 0 | F9: =D9*E9 -> 0
A10: Luvas de borracha nitrílicas forradas. | B10: Par | C10: 1 | D10: 60 | E10: 0 | F10: =D10*E10 -> 0
A12: Custo Anual com Uniformes e EPIs por empregado | F12: =F6+F7+F8+F9+F10 -> 0
A14: Custo Mensal com Uniformes e EPIs por empregado | F14: =F12/12 -> 0

Sheet CTG
B2: PLANILHA DE CONTINGENCIAMENTO DOS ENCARGOS TRABALHISTAS*
B3: * Conforme Resolução nº 169/2013 do Conselho Nacional de Justiça - CNJ
B5: ENCARGO | C5: PERCENTUAL
B6: Férias | C6: 0.0833
B7: 1/3 Constitucional | C7: =(1/3)*C6 -> 0.027766667
B8: 13º Salário | C8: 0.0833
B9: Subtotal | C9: =SUM(C6:D8) -> 0.19436667
C10: Mínimo | D10: Máximo
B11: Encargos Previdenciários/FGTS | C11: 0.343 | D11: 0.398
B12: Incidência dos encargos previdenciários e FGTS sobre férias, 1/3 constitucional e 13º salário* | C12: =TRUNC(C9*C11,4) -> 0.0666 | D12: =C9*D11 -> 0.077357933
B13: Multa do FGTS por dispensa sem justa causa | C13: 0.0347
B14: Total de encargos a contingenciar | C14: =C9+C12+C13 -> 0.29566667 | D14: =C9+D12+C13+0.0001 -> 0.3065246
B15: * Variação percentual possível em função do RAT ajustado (RATxFAP)
